 Dungeon Sprint DCSS version 0.26-a0-1040-gbe3abf3417 (webtiles) character file.

Game seed: 15229859843870546888

0 sahdkjhfkaj the Ruffian (level 2, -1/32 HPs)
             Began as a Troll Monk on Dec 12, 2020.
             Was a Follower of Ru.
             Slain by a water moccasin (6 damage)
             ... in the Dungeon (Sprint VI: "Thunderdome").
             The game lasted 00:00:29 (143 turns).

sahdkjhfkaj the Ruffian (Troll Monk)                 Turns: 143, Time: 00:00:30

Health: -1/32      AC:  6    Str: 18    XL:     2   Next: 3%
Magic:  1/1        EV: 10    Int:  6    God:    Ru [*.....]
Gold:   200        SH:  0    Dex: 12    Spells: 1/1 levels left

rFire    . . .     SeeInvis .     - Unarmed
rCold    . . .     Faith    .   (no shield)
rNeg     . . .     Spirit   .   a - +0 robe
rPois    .         Reflect  .   (helmet restricted)
rElec    .         Harm     .   (no cloak)
rCorr    .         Rampage  .   (gloves unavailable)
Will     .....     NoTele   +   (boots unavailable)
Stlth    ++........             (no amulet)
HPRegen  0.50/turn              (no ring)
MPRegen  0.07/turn              (no ring)

@: lethally poisoned (-1 -> -14), no potions
A: large, unfitting armour, claws 3, regeneration 1, shaggy fur 1, tough skin 3,
inability to drink while threatened
a: Renounce Religion


You were in the Dungeon.
You worshipped Ru.
Ru was aware of your devotion.
You visited 1 branch You collected 200 gold pieces.

Inventory:

Armour
 a - a +0 robe (worn)
Wands
 h - a wand of acid (5)
 i - a wand of iceblast (5)
Scrolls
 g - 4 scrolls of blinking
 j - 3 scrolls of fog
Potions
 b - a potion of curing
 c - 4 potions of heal wounds
 d - 4 potions of haste
 e - 2 potions of magic
 f - a potion of berserk rage
 k - a potion of resistance


   Skills:
 * Level 3.7 Fighting
 - Level 2.4 Dodging
 - Level 1.0 Stealth
 + Level 3.8 Unarmed Combat


You had one spell level left.
You didn't know any spells.
Your spell library was empty.

Dungeon Overview and Level Annotations

Branches:
Dungeon (1/1)

Altars:
Dithmenos
Fedhas
Gozag
Kikubaaqudgha
Qazlal
Ru
Sif Muna
Uskayaw
Xom
Zin
The Shining One
Lugonu

Shops:
D **[(!!!!


Innate Abilities, Weirdness & Mutations

You are too large for most types of armour.
You have claws for hands.
Your natural rate of healing is unusually fast.
You are covered in fur. (AC +1)
You have extremely tough skin. (AC +3)
You cannot drink potions while threatened.


Message History

You miss the water moccasin. Your claw misses the water moccasin.
The water moccasin is heavily wounded.
You can drink potions again.
You feel very sick. The water moccasin misses you.
The water moccasin barely misses you.
You scratch the water moccasin.
The water moccasin is heavily wounded.
* * * LOW HITPOINT WARNING * * *
You feel sick. The water moccasin barely misses you.
Unknown command.
You scratch the water moccasin.
The water moccasin is severely wounded.
* * * LOW HITPOINT WARNING * * *
You feel sick. The water moccasin barely misses you.
You closely miss the water moccasin.
The water moccasin is severely wounded.
* * * LOW HITPOINT WARNING * * *
You feel sick. The water moccasin bites you.
You feel threatened and lose the ability to drink potions!
You die...

#⌠.. ......⌠# #.8..
.....8.###### .....
#......___∩## ..8.
#.8........∩###
..###.............##
#...###..........⌠#
#.<.# #..........⌠# .
#...###..........⌠#
.....###S@....†......##
...8. #†8........∩###
......###......___∩##
#.8.........8.######
#⌠...........⌠#
###.........###
#........_# #_......._#
#_......._#


You could see a water moccasin.

Vanquished Creatures
  An adder (D)
  3 ball pythons (D)
4 creatures vanquished.

Notes
Turn   | Place    | Note
-------+----------+-------------------------------------------
     0 | D        | sahdkjhfkaj the Troll Monk began the quest for the Orb.
     0 | D        | Reached XP level 1. HP: 22/22 MP: 0/0
     1 | D        | Found a glowing golden altar of the Shining One.
     1 | D        | Found a shadowy altar of Dithmenos.
     2 | D        | Found a sacrificial altar of Ru.
     2 | D        | Found a glowing silver altar of Zin.
     3 | D        | Found an ancient bone altar of Kikubaaqudgha.
     3 | D        | Found a hide-covered altar of Uskayaw.
     4 | D        | Found a shimmering altar of Xom.
     4 | D        | Found Hiluehesa's Weapon Rack.
     4 | D        | Found Xycoake's Premium Goods.
     5 | D        | Found a stormy altar of Qazlal.
     5 | D        | Round 1.
     6 | D        | Found Fozonwe's Do-It-Yourself Clinic.
     7 | D        | Found Bavaad's Bottled Wisdom.
     7 | D        | Found Vufedghesh's Distillery.
     7 | D        | Found an opulent altar of Gozag.
     7 | D        | Found a shimmering blue altar of Sif Muna.
     7 | D        | Found a corrupted altar of Lugonu.
     7 | D        | Found Ypinn's Distillery.
    12 | D        | Became a worshipper of Ru the Awakened
    21 | D        | Gained mutation: You cannot drink potions while threatened.
                  | [Ru sacrifice]
    21 | D        | Reached * piety under Ru
    23 | D        | Found Miomirph's Basic Armour.
    23 | D        | Found Eqiewus's Miscellaneous Merchandise.
    59 | D        | Reached XP level 2. HP: 25/32 MP: 1/1
   126 | D        | Found a blossoming altar of Fedhas.
   131 | D        | Noticed a water moccasin
   143 | D        | Slain by a water moccasin

Illustrated notes

Levels and vault maps discovered:
D:        arena_sprint

Skill      XL: |  1 |
---------------+----+-----
Fighting       | 3 |  3.7
Dodging        | |  2.4
Stealth        | |  1.0
Unarmed Combat | |  3.8

Action                   || total
-------------------------++-------
Melee: Unarmed           ||    26
Invok: Sacrifice Drink   ||     1
Armor: Robe              ||     8
Dodge: Dodged            ||    12

Table legend: (Time is in decaauts)
 A = Elapsed time spent in this place.
 B = Non-inter-level travel time spent in this place.
 C = Inter-level travel time spent in this place.
 D = Time resting spent in this place.
 E = Time spent auto-exploring this place.
 F = Levels seen in this place.
 G = Mean time per level.
                   A        B        C        D        E       F      G
               +--------+--------+--------+--------+--------+-----+--------+
         Total |    141 |    141 |      0 |     60 |     24 |   1 |  141.0 |
       Dungeon |    141 |    141 |      0 |     60 |     24 |   1 |  141.0 |
               +--------+--------+--------+--------+--------+-----+--------+

Top non-repeatable levels by time:
       D: 141 daAuts
